 Dungeon Crawl Stone Soup version 0.31.0-9-g3a7656b989 (webtiles) character file.

Game seed: 14763840741128354205

16 qw the Shooter (level 2, 0/16 HPs)
             Began as a Deep Elf Hunter on Feb 2, 2024.
             Slain by an adder (3 damage)
             ... on level 2 of the Dungeon.
             The game lasted 00:00:02 (624 turns).

qw the Shooter (Deep Elf Hunter)                     Turns: 624, Time: 00:00:02

Health: 0/16       AC:  3    Str:  8    XL:     2   Next: 37%
Magic:  4/4        EV: 12    Int: 13    God:
Gold:   68         SH:  0    Dex: 18    Spells: 1/1 levels left

rFire   . . .        a - +0 shortbow
rCold   . . .        (shield currently unavailable)
rNeg    . . .        c - +0 leather armour
rPois   .            (no helmet)
rElec   .            (no cloak)
rCorr   .            (no gloves)
SInv    .            (no boots)
Will    .....        (no amulet)
Stlth   ++           (no ring)
HPRegen 0.22/turn    (no ring)
MPRegen 0.09/turn

%: no passive effects
@: lethally poisoned (0 -> -1)
A: no striking features
a: no special abilities


You were on level 2 of the Dungeon.
You visited 1 branch of the dungeon, and saw 2 of its levels.

You collected 68 gold pieces.


   Skills:
 - Level 1.5 Fighting
 + Level 6.2 Ranged Weapons
 - Level 2.4 Dodging
 - Level 1.2 Stealth


You had one spell level left.
You didn't know any spells.
Your spell library was empty.

Inventory:

Hand Weapons
 a - a +0 shortbow (weapon)
Armour
 c - a +0 leather armour (worn)
Jewellery
 e - an amulet of reflection
Wands
 f - a wand of light (10)
Scrolls
 b - 3 scrolls of identify {unknown}
Potions
 d - 2 potions of curing {unknown}

Dungeon Overview and Level Annotations

Branches:
Dungeon (2/15)

Altars:


Message History

The ball python hisses angrily.
You shoot an arrow. The arrow hits the ball python!
You kill the ball python!
You see here a ball python corpse.
Found a stone staircase leading up.
Enter note:
Enter note: An adder comes into view.
The adder hisses angrily.
You shoot an arrow. The arrow misses the adder.
You shoot an arrow. The arrow hits the adder.
The adder is lightly wounded.
A goblin comes into view. It is wielding a +0 club.
You shoot an arrow. The arrow closely misses the adder.
The goblin shouts!
The arrow hits the goblin.
You kill the goblin!
You shoot an arrow. The arrow barely misses the adder.
The adder bites you but does no damage.
You shoot an arrow. The arrow barely misses the adder.
The adder bites you.
You are poisoned.
The adder poisons you!
An adder comes into view.
The adder bites you.
You shoot an arrow. The adder hisses angrily.
The arrow hits the adder!
The adder is almost dead.
You feel sick. The adder bites you but does no damage.
You shoot an arrow. The arrow barely misses the adder.
The arrow hits the adder!
The adder is almost dead.
You feel sick. The adder bites you. The adder closely misses you.
You shoot an arrow.
The arrow hits the adder but does no damage.
The adder is almost dead.
You feel sick. The adder closely misses you.
You shoot an arrow. The arrow closely misses the adder. x2
You feel sick. The adder closely misses you. The adder bites you. x2
You die...

#.77 #77.# .. #.7 7.#
#. #.7 7.# #. #.7 7.#
#. #.7 7.# #. #.77 77.#
#. #..77 77..#
.###.#[###...77 77..##
).....S@.#.#..77 77...#
......S....##..777....#
.....$.....###..%..#.##
.....#....<# #######.#
.....####### #.# ....
... ... ### ...


You could see 2 adders.

Vanquished Creatures
  4 ball pythons
  3 bats
  3 endoplasms
  A goblin (D:2)
  2 frilled lizards (D:1)
  A rat (D:1)
14 creatures vanquished.

Notes
Turn   | Place    | Note
-------+----------+-------------------------------------------
     0 | D:1      | qw the Deep Elf Hunter began the quest for the Orb.
     0 | D:1      | Reached XP level 1. HP: 12/12 MP: 3/3
     0 | D:1      | 0 ||| qw: Version: 0.3-a-155-g5e7d8dd
     0 | D:1      | 0 ||| qw: Game counter: 641
     0 | D:1      | 0 ||| qw: Melee chars always use a shield: true
     0 | D:1      | 0 ||| qw: God list: Okawaru
     0 | D:1      | 0 ||| qw: Allow faded altars: false
     0 | D:1      | 0 ||| qw: Do Orc after clearing Dungeon:15 true
     0 | D:1      | 0 ||| qw: Do second Lair branch before Depths: true
     0 | D:1      | 0 ||| qw: Lair rune preference: random
     0 | D:1      | 0 ||| qw: Goals: Normal
     0 | D:1      | 0 ||| PLANNING D:1-11
   235 | D:1      | Reached skill level 6 in Ranged Weapons
   235 | D:1      | Reached XP level 2. HP: 16/16 MP: 4/4
   403 | D:1      | 403 ||| DROPPING scroll of butterflies.
   624 | D:2      | HP: 3/16 [adder (3)]
   624 | D:2      | Slain by an adder

Levels and vault maps discovered:
D:1:      moated_graveyard_arrival, layout_basic
D:2:      layout_basic, dilly_ecumenical_altar_fadedgnrine

Skill      XL: |  1 |
---------------+----+-----
Ranged Weapons | 6 |  6.2
Fighting       | |  1.5
Dodging        | |  2.4
Stealth        | |  1.2

Action                     || total
---------------------------++-------
   Fire: Shortbow          ||    45
 Armour: Leather armour    ||    16
  Dodge: Dodged            ||    16

Table legend:
 A = Non-vault XP
 B = Vault XP
 C = Vault XP percentage of total XP
 D = Non-vault monster count
 E = Vault monster count
 F = Vault count percentage of total count
                 A         B        C        D         E       F
            +---------+---------+-------+---------+---------+-------
      Total |      23 |       0 |   0.0 |      14 |       0 |   0.0
            +---------+---------+-------+---------+---------+-------
        D:1 |      15 |       0 |   0.0 |       9 |       0 |   0.0
        D:2 |       8 |       0 |   0.0 |       5 |       0 |   0.0
            +---------+---------+-------+---------+---------+-------
